 Dungeon Sprint DCSS version 0.17-a0-1181-gabc46e6 (webtiles) character file.

5736 nuthulu the Nimble (level 10, -2/172 HPs)
             Began as a Troll Berserker on May 31, 2015.
             Was the Champion of Trog.
             Slain by a killer bee (8 damage)
             ... in the Dungeon (Sprint III: "The Ten Rune Challenge").
             The game lasted 00:07:37 (1317 turns).

nuthulu the Nimble (Troll Berserker)                Turns: 1317, Time: 00:07:37

Health: -2/172     AC:  5    Str: 35    XL:     10   Next: 48%
Magic:  9/9        EV: 14    Int:  3    God:    Trog [******]
Gold:   35         SH:  0    Dex:  9    Spells: 0 memorised, 9 levels left

rFire  . . .     SeeInvis .     t - +5 giant club
rCold  . . .     Clarity  .     a - +0 animal skin
rNeg   . . .     SustAt   .     (no shield)
rPois  .         Gourm    +     (helmet restricted)
rElec  .         Spirit   .     (no cloak)
rCorr  .         Warding  .     (gloves unavailable)
rMut   .         NoTele   +     (boots unavailable)
MR     .....                    (no amulet)
Stlth  ..........               (no ring)
                                (no ring)

@: berserking (expiring), lethally poisoned (-2 -> -20), very quick, not
resistant to hostile enchantments, extremely unstealthy
A: unfitting armour, claws 3, fast metabolism 3, gourmand, regeneration 2,
shaggy fur 1, tough skin 2
a: Burn Spellbooks, Berserk, Trog's Hand, Brothers in Arms, Renounce Religion


You were in the Dungeon.
You worshipped Trog.
Trog was exalted by your worship.
You were not hungry.

You visited 1 branch You collected 35 gold pieces.

Inventory:

Hand weapons
 p - a +0 giant spiked club
 t - a +5 giant club (weapon)
Armour
 a - a +0 animal skin (worn)
Magical devices
 m - a wand of fireball (8)
Scrolls
 h - a scroll of blinking
 l - 2 scrolls of identify
Potions
 d - a potion of heal wounds
 e - a potion of haste
 f - 2 potions of magic
 g - a potion of berserk rage
 i - 3 potions of cure mutation {unknown}
 j - 2 potions of mutation {unknown}
 k - a potion of might
 o - a potion of resistance {unknown}
 s - 2 potions of flight
Comestibles
 b - 2 bread rations
 n - a meat ration
 r - 2 royal jellies


   Skills:
 * Level 11.9 Fighting
 * Level 8.4 Maces & Flails
 * Level 13.4 Dodging
 - Level 10.8 Unarmed Combat


You had 9 spell levels left.
You didn't know any spells.

Dungeon Overview and Level Annotations

Branches:
Dungeon (1/1)

Altars:
Cheibriados
Dithmenos
Elyvilon
Fedhas
Gozag
Kikubaaqudgha
Makhleb
Nemelex Xobeh
Okawaru
Qazlal
Ru
Sif Muna
Trog
Vehumet
Xom
Yredelemnul
Zin
The Shining One
Jiyva
Lugonu


Innate Abilities, Weirdness & Mutations

You are too large for most types of armour.
You have claws for hands.
Your metabolism is lightning-fast.
You like to eat raw meat.
You heal very quickly.
You are covered in fur (AC +1).
You have very tough skin (AC +2).


Message History

You barely miss the killer bee.
You feel sick. The killer bee stings you.
* * * LOW HITPOINT WARNING * * *
You are more poisoned.
The killer bee poisons you! The killer bee stings you!
* * * LOW HITPOINT WARNING * * *
You are more poisoned.
The killer bee poisons you!
You are too berserk!
You miss the killer bee.
* * * LOW HITPOINT WARNING * * *
You feel sick. The killer bee closely misses you. The killer bee stings you.
* * * LOW HITPOINT WARNING * * *
You miss the killer bee.
* * * LOW HITPOINT WARNING * * *
You feel very sick. The killer bee closely misses you.
You miss the killer bee.
* * * LOW HITPOINT WARNING * * *
You feel sick. The killer bee stings you!
You die...

########################
#.#.#.....#....)y†%%%≈≈#
.#.##)###)#....)@#.%%≈≈#
.#.##.#..##....).# %y≈≈≈
..#..##.)'.(.....# .≈≈≈
▓▓▓▓▓▓▓▓▓#.(...^.# .%%
.f.f≈≈...#.......# %%
≈≈≈≈≈♣♣P.+..(^...# %
♣♣♣♣♣♣♣PP#.^.....#
♣♣♣##'####### #.))+§§≈§§


You could see a killer bee.

Vanquished Creatures
  Harold (D)
  Erolcha (D)
  Joseph (D)
  A queen bee (D)
  A deep elf priest (D)
  A redback (D)
  2 trapdoor spiders (D)
  A shadow (D)
  A spatial vortex (D)
  2 hill giants (D)
  A necrophage (D)
  3 two-headed ogres (D)
  A water elemental (D)
  A killer bee (D)
  A scorpion (D)
  A jelly (D)
  A wizard (D)
  Jessica (D)
  A necromancer (D)
  A kobold demonologist (D)
  3 humans (D)
  2 oozes (D)
  A rat (D)
30 creatures vanquished.

Vanquished Creatures (collateral kills)
  30 killer bees (D)
30 creatures vanquished.

Vanquished Creatures (others)
  2 draconian scorchers (D)
  A yaktaur (D)
  3 plants (D)
6 creatures vanquished.

Grand Total: 66 creatures vanquished

Notes
Turn   | Place    | Note
--------------------------------------------------------------
     0 | D        | nuthulu the Troll Berserker began the quest for the Orb.
     0 | D        | Reached XP level 1. HP: 22/22 MP: 0/0
     7 | D        | Reached XP level 2. HP: 25/31 MP: 1/1
    23 | D        | Noticed Jessica
    27 | D        | Acquired Trog's second power
    31 | D        | Killed Jessica
    31 | D        | Reached skill level 4 in Unarmed Combat
    31 | D        | Reached XP level 3. HP: 34/39 MP: 2/2
    52 | D        | Noticed a scorpion
    61 | D        | Killed a scorpion
    61 | D        | Reached skill level 5 in Unarmed Combat
    61 | D        | Reached XP level 4. HP: 36/49 MP: 3/3
   111 | D        | Killed a yaktaur
   159 | D        | Reached skill level 6 in Unarmed Combat
   179 | D        | Noticed a water elemental
   181 | D        | Killed a water elemental
   181 | D        | Reached skill level 5 in Fighting
   181 | D        | Reached skill level 5 in Dodging
   181 | D        | Reached XP level 5. HP: 55/57 MP: 4/4
   187 | D        | Found a radiant altar of Vehumet.
   187 | D        | Found a deep blue altar of Sif Muna.
   187 | D        | Found an ancient bone altar of Kikubaaqudgha.
   187 | D        | Noticed a wizard
   188 | D        | Killed a wizard
   188 | D        | Reached skill level 7 in Unarmed Combat
   195 | D        | Acquired Trog's third power
   220 | D        | Found a glowing silver altar of Zin.
   221 | D        | Found a glowing golden altar of the Shining One.
   221 | D        | Found a white marble altar of Elyvilon.
   221 | D        | Noticed a deep elf priest
   228 | D        | Killed a deep elf priest
   228 | D        | Reached skill level 8 in Unarmed Combat
   228 | D        | Reached XP level 6. HP: 22/71 MP: 5/5
   310 | D        | Found an iron altar of Okawaru.
   310 | D        | Found a bloodstained altar of Trog.
   310 | D        | Noticed a human
   310 | D        | Noticed a human
   323 | D        | Killed a human
   323 | D        | Received a gift from Trog
   323 | D        | Reached skill level 9 in Unarmed Combat
   323 | D        | Reached XP level 7. HP: 19/78 MP: 6/6
   326 | D        | Killed a human
   392 | D        | Killed a white draconian scorcher
   466 | D        | Found a basalt altar of Yredelemnul.
   466 | D        | Found a snail-covered altar of Cheibriados.
   466 | D        | Found a blossoming altar of Fedhas.
   466 | D        | Noticed a necrophage
   466 | D        | Noticed a necromancer
   472 | D        | Killed a necrophage
   474 | D        | Killed a necromancer
   474 | D        | Reached skill level 10 in Unarmed Combat
   488 | D        | Noticed a jelly
   489 | D        | Noticed a shadow
   492 | D        | Killed a shadow
   496 | D        | Killed a jelly
   518 | D        | Found a stormy altar of Qazlal.
   518 | D        | Found a sacrificial altar of Ru.
   518 | D        | Found a burning altar of Makhleb.
   518 | D        | Found a shimmering altar of Xom.
   519 | D        | Noticed a spatial vortex
   519 | D        | Found a viscous altar of Jiyva.
   519 | D        | Found a shadowy altar of Dithmenos.
   519 | D        | Found a sparkling altar of Nemelex Xobeh.
   519 | D        | Found a corrupted altar of Lugonu.
   519 | D        | Found an opulent altar of Gozag.
   525 | D        | Killed a spatial vortex
   525 | D        | Reached XP level 8. HP: 89/89 MP: 7/7
   534 | D        | Noticed a two-headed ogre
   534 | D        | Noticed a two-headed ogre
   536 | D        | Noticed a two-headed ogre
   544 | D        | Killed a two-headed ogre
   548 | D        | Killed a two-headed ogre
   635 | D        | Killed a two-headed ogre
   656 | D        | Killed a white draconian scorcher
   761 | D        | Noticed a hill giant
   767 | D        | Killed a hill giant
   767 | D        | Reached skill level 1 in Maces & Flails
   767 | D        | Reached skill level 10 in Dodging
   829 | D        | Noticed a hill giant
   829 | D        | Noticed Erolcha
   843 | D        | Killed Erolcha
   843 | D        | Reached skill level 10 in Fighting
   843 | D        | Reached skill level 11 in Dodging
   843 | D        | Reached XP level 9. HP: 39/101 MP: 8/8
   852 | D        | Killed a hill giant
   909 | D        | Noticed a redback
   919 | D        | Killed a redback
   919 | D        | Received a gift from Trog
  1037 | D        | Noticed a trapdoor spider
  1042 | D        | Killed a trapdoor spider
  1046 | D        | Noticed a wandering mushroom
  1053 | D        | Noticed a wandering mushroom
  1055 | D        | Noticed a wandering mushroom
  1062 | D        | Noticed a trapdoor spider
  1083 | D        | Noticed Joseph
  1084 | D        | Noticed Harold
  1092 | D        | Killed Harold
  1092 | D        | Reached skill level 12 in Dodging
  1092 | D        | Reached XP level 10. HP: 70/114 MP: 9/9
  1100 | D        | Killed Joseph
  1100 | D        | Reached skill level 13 in Dodging
  1207 | D        | Killed a trapdoor spider
  1207 | D        | Received a gift from Trog
  1263 | D        | Noticed a killer bee
  1263 | D        | Noticed a killer bee
  1263 | D        | Noticed a killer bee
  1264 | D        | Noticed a killer bee
  1264 | D        | Noticed a killer bee
  1265 | D        | Noticed a killer bee
  1267 | D        | Killed a killer bee
  1268 | D        | Killed a killer bee
  1269 | D        | Noticed a killer bee
  1269 | D        | Killed a killer bee
  1270 | D        | Noticed a killer bee
  1270 | D        | Killed a killer bee
  1270 | D        | Received a gift from Trog
  1271 | D        | Noticed a killer bee
  1271 | D        | Killed a killer bee
  1271 | D        | Killed a killer bee
  1272 | D        | Killed a killer bee
  1273 | D        | Noticed a killer bee
  1273 | D        | Noticed a killer bee
  1273 | D        | Noticed a killer bee
  1273 | D        | Killed a killer bee
  1273 | D        | Killed a killer bee
  1274 | D        | Noticed a killer bee
  1274 | D        | Noticed a killer bee
  1274 | D        | Noticed a killer bee
  1274 | D        | Killed a killer bee
  1274 | D        | Received a gift from Trog
  1275 | D        | Noticed a killer bee
  1275 | D        | Noticed a queen bee
  1275 | D        | Noticed a killer bee
  1275 | D        | Noticed a killer bee
  1275 | D        | Noticed a killer bee
  1275 | D        | Noticed a killer bee
  1275 | D        | Noticed a killer bee
  1275 | D        | Noticed a killer bee
  1275 | D        | Noticed a killer bee
  1275 | D        | Noticed a killer bee
  1275 | D        | Noticed a killer bee
  1276 | D        | Noticed a killer bee
  1276 | D        | Noticed a killer bee
  1276 | D        | Noticed a killer bee
  1276 | D        | Killed a killer bee
  1277 | D        | Killed a killer bee
  1278 | D        | Noticed a killer bee
  1278 | D        | Killed a killer bee
  1279 | D        | Noticed a killer bee
  1279 | D        | Noticed a killer bee
  1279 | D        | Killed a killer bee
  1280 | D        | Killed a killer bee
  1280 | D        | Received a gift from Trog
  1281 | D        | Killed a killer bee
  1282 | D        | Killed a killer bee
  1283 | D        | Killed a killer bee
  1285 | D        | Killed a killer bee
  1286 | D        | Killed a killer bee
  1286 | D        | Killed a killer bee
  1288 | D        | Killed a killer bee
  1289 | D        | Killed a killer bee
  1290 | D        | Noticed a killer bee
  1290 | D        | Killed a killer bee
  1291 | D        | Killed a killer bee
  1292 | D        | Killed a killer bee
  1293 | D        | Killed a killer bee
  1294 | D        | Killed a killer bee
  1294 | D        | Received a gift from Trog
  1295 | D        | Killed a killer bee
  1297 | D        | Killed a killer bee
  1300 | D        | Killed a killer bee
  1306 | D        | Killed a queen bee
  1316 | D        | HP: 7/172 [poisoned by a killer bee]
  1317 | D        | Slain by a killer bee

Vault maps used:
D:        dungeon_sprint_mu

Action                   |  1- 3 |  4- 6 |  7- 9 | 10-12 || total
-------------------------+-------+-------+-------+-------++-------
Melee: Unarmed           |    16 |    29 |    33 |       ||    78
       Giant spiked club |       |       |    19 |       ||    19
       Giant club        |       |       |    17 |    40 ||    57
Invok: Burn Spellbooks   |       |     1 |       |       ||     1
       Berserk           |       |     1 |     1 |     1 ||     3
       Brothers in Arms  |       |       |       |     1 ||     1
  Use: Scroll            |       |     4 |     1 |       ||     5
       Potion            |       |       |     2 |       ||     2
  Eat: Chunk             |       |       |    15 |       ||    15
